AoeStats
← 海峡

Arabia

510469199Analyzed
1v1 RM · 2d ago on Oct 1, 2026· 27m 7s· 2 players
Game mode
Random Map
Map size
Tiny (2 player)
Population
200
Speed
Normal
Resources
Standard
Victory
Conquest
Starting age
Dark Age
Ending age
Imperial Age
RankedLock teamsTeams togetherTeam positionsShared explorationLock speedFull tech treeHidden civsTurbo modeCheats
Victory
Defeat
🇲🇽 Maya · Mexico
1724
+14
🇨🇳 Romans · China
1683
-14
海峡
6:14 Loom
8:52 Feudal Age
10:34 Man-at-Arms
13:18 Double-Bit Axe
21:06 Castle Age
19:30 Gold Mining
20:31 Stone Mining
22:00 Bow Saw
23:54 Ballistics
Dr Zenit
0:25 Loom
11:13 Feudal Age
12:09 Double-Bit Axe
16:08 Fletching
21:30 Castle Age
21:02 Padded Archer Armor
21:28 Town Watch
21:34 Gold Mining
22:11 Bodkin Arrow
21:37 Crossbowman
23:33 Wheelbarrow
Connection lost

Rejoining the realm…

Still unreachable

The connection could not be restored.

Session expired

The server has moved on; the page needs a fresh start.